Match 47201012
Unlisted

Match 47201012
End
250 Light Carrier
Panzerpioneer Squad
250 Light Carrier
Construct Light Support Kompanie
Combat Half-tracks
Panzerpioneer Squad
Fire Support Elements
Veteran Squad Leaders
Panzerjäger Mechanized Group
Selects Italian Combined Arms Battlegroup
Selects Semovente da 75/18 Assault Gun
Vehicle Survival Package
Selects Carro Armato M13/40 Light Tank
Carro Armato M13/40 Light Tank
Carro Armato M13/40 Light Tank
Carro Armato M13/40 Light Tank
Construct Mechanized Kompanie
Selects Pact of Steel
Rapid Advance
Carro Armato M13/40 Light Tank
Panzerjäger Mechanized Group
Selects Bersaglieri Squad
Selects Vehicle Support - Secure Location
Carro Armato M13/40 Light Tank
Selects Vehicle Support - Force Recon
Be Frabjous
Henk
water
It's Takotime
Che Guevara
Elvis Aaron Presley
Ulysses
Commander Z
0
0

Comments sign in to comment!

No comments posted yet!